Canucks vs Rangers
Created - 17 mars 2015 at 19:12
Goals
|
| Canucks |
0 |
3 |
0 |
3 |
| Rangers |
0 |
2 |
2 |
4 |
|
Shots
|
| Canucks |
10 |
8 |
7 |
25 |
| Rangers |
12 |
6 |
12 |
30 |
|
1st period
No Goal
Penalties :
Tomas Plekanec (Van) for Holding (Minor) at 12:05, Jaromir Jagr (Van) for High sticking (Minor) at 19:43
2nd period
1. Canucks , Clarke MacArthur 23 (Tomas Plekanec, David Jones) at 3:39
2. Canucks , Matt Stajan 32 (Jaromir Jagr, Peter Worrell) at 6:30
3. Canucks , Alex Tanguay 22 (Maxim Lapierre) at 7:20
4. Rangers , Radek Bonk 12 (Kimmo Timonen) at 8:32
5. Rangers , Johan Franzen 17 (Milan Lucic, Cam Barker) at 13:22 (PP)
Penalties :
Johan Franzen (NYR) for Hooking (Minor) at 8:54, Karl Alzner (Van) for Checking from behind (Major) at 13:09
3rd period
6. Rangers , Mike Cammalleri 19 (Drew Stafford, Patrice Bergeron) at 0:36
7. Rangers , Milan Lucic 33 (Brad Richards, Cam Barker) at 17:52
Penalties :
Peter Worrell (Van) for Hooking (Minor) at 4:25, Brad Richards (NYR) for Roughing (Minor) at 13:59, Radek Bonk (NYR) for Hooking (Minor) at 18:22
Goalie Stats
Carey Price (Van), 26 saves from 30 shots - (0,867), L, 34-28-5, 59:01 minutes
Henrik Lundqvist (NYR), 22 saves from 25 shots - (0,880), W, 20-28-7, 60:00 minutes
Players Stats for Canucks
Player Name G A P +/- PIM S H SB GA TA FO MP PP MP PK MP
------------------------------------------------------------------------------------
Alex Goligoski 0 0 0 0 0 0 0 2 1 1 0/0 27:57 3:30 6:01
Alex Tanguay 1 0 1 0 0 4 2 0 0 0 1/1 13:06 0:02 2:14
Antti Miettinen 0 0 0 0 0 0 0 0 0 0 0/0 10:21 0:00 0:00
Clarke MacArthur 1 0 1 0 0 1 3 0 0 0 0/0 17:38 2:27 3:13
David Jones 0 1 1 0 0 1 1 1 0 0 1/2 14:25 2:27 0:00
Jaromir Jagr 0 1 1 1 2 2 2 0 1 0 4/6 21:16 3:08 4:20
Jason Chimera 0 0 0 -1 0 0 2 0 0 1 0/1 7:12 0:00 0:14
Karl Alzner 0 0 0 1 5 0 0 1 0 0 0/0 11:32 0:00 0:00
Kim Johnsson 0 0 0 -1 0 0 1 1 1 0 0/0 20:10 2:05 4:08
Matt Stajan 1 0 1 1 0 5 2 0 3 0 9/23 22:28 3:08 5:31
Maxim Lapierre 0 1 1 0 0 2 1 0 2 0 6/10 11:38 0:00 1:14
Nikolai Zherdev 0 0 0 -1 0 3 0 0 0 0 1/3 10:30 0:00 3:10
Peter Worrell 0 1 1 1 2 1 0 0 0 0 1/2 18:55 3:06 2:10
Ryan Craig 0 0 0 -1 0 3 0 0 1 0 1/3 6:58 0:00 0:00
Sami Lepisto 0 0 0 1 0 2 0 0 0 0 0/0 12:30 0:00 1:05
Steve Montador 0 0 0 0 0 0 1 2 0 0 0/0 27:38 3:30 6:26
Tom Poti 0 0 0 -1 0 0 0 0 3 0 0/0 20:00 2:05 3:58
Tomas Plekanec 0 1 1 0 2 1 1 0 0 0 3/7 14:46 2:27 0:00
Players Stats for Rangers
Player Name G A P +/- PIM S H SB GA TA FO MP PP MP PK MP
------------------------------------------------------------------------------------
Alexandre Burrows 0 0 0 0 0 6 0 0 0 0 0/1 14:34 0:59 1:14
Alexei Emelin 0 0 0 0 0 0 0 0 0 0 0/0 1:52 0:31 0:00
Brad Richards 0 1 1 -1 2 2 1 0 0 0 18/32 21:50 5:33 2:12
Cam Barker 0 2 2 2 0 5 1 0 0 3 0/0 28:44 6:10 3:12
Drew Stafford 0 1 1 1 0 2 2 0 0 3 0/1 16:37 4:22 0:00
Johan Franzen 1 0 1 -1 2 1 1 0 0 1 1/1 19:44 5:32 0:00
Kimmo Timonen 0 1 1 -2 0 0 3 2 0 0 0/0 19:21 4:15 2:23
Mark Fistric 0 0 0 -2 0 0 1 2 0 0 0/0 19:21 4:15 2:23
Matt Greene 0 0 0 0 0 2 1 0 0 0 0/0 11:55 0:31 0:00
Matt Read 0 0 0 0 0 0 2 0 0 0 1/1 12:24 0:51 0:00
Mike Cammalleri 1 0 1 1 0 1 4 0 0 0 0/0 17:55 4:22 1:23
Milan Lucic 1 1 2 -1 0 6 3 0 2 0 5/6 25:43 5:35 3:03
Nathan Gerbe 0 0 0 0 0 1 0 0 0 0 0/0 5:51 0:11 0:00
Patrice Bergeron 0 1 1 1 0 1 0 0 0 0 3/8 18:08 4:22 1:36
Radek Bonk 1 0 1 0 2 2 1 0 0 1 1/5 12:45 1:01 0:12
Ryan Whitney 0 0 0 2 0 1 1 1 0 1 0/0 27:23 6:10 3:12
Staffan Kronwall 0 0 0 0 0 0 0 0 0 2 0/0 11:24 0:00 0:00
Valtteri Filppula 0 0 0 0 0 0 1 0 0 1 2/3 8:51 0:00 1:30
3 Stars
1 - Mike Cammalleri (NYR)
2 - Cam Barker (NYR)
3 - Milan Lucic (NYR)
Power Play
Canucks - 0 on 3 Attempt(s) - 0,00%
Rangers - 1 on 5 Attempt(s) - 20,00%
Penalty Kill
Canucks - 4 on 5 Attempt(s) - 80,00%
- Score 0 goal in Penalty Kill
Rangers - 3 on 3 Attempt(s) - 100,00%
- Score 0 goal in Penalty Kill
Team Stat
Canucks - Hits : 16 - Faceoff Wins : 27 - Blocked Shots : 7 - Penalty Minutes : 11
Rangers - Hits : 22 - Faceoff Wins : 31 - Blocked Shots : 5 - Penalty Minutes : 6
Official
Referees : VanMassenhoven Don and Hasenfratz Mike
Linesman : Shane Heyer and Michel Cormier
Game Notes
No Game Note
Finance
Level 1 -- Attendance: 4834 (80,57%) -- Ticket Income 435 060 $
Level 2 -- Attendance: 3709 (74,18%) -- Ticket Income 203 995 $
Level 3 -- Attendance: 1897 (94,85%) -- Ticket Income 56 910 $
Level 4 -- Attendance: 3680 (92,00%) -- Ticket Income 73 600 $
Luxury Box -- Attendance: 730 (73,00%) -- Ticket Income 127 750 $
Game was played at the Madison Square Garden'
Total Attendance: 14850 (82,50%)
Total Ticket Income: 897 315 $
Other Income: 134 597 $
Total Income: 1 031 912 $
Canucks
5 vs 5 Forward
Center Left Wing Right Wing Time % Phy DF OF
1 Matt Stajan Peter Worrell Jaromir Jagr 40 1 2 2
2 Tomas Plekanec Clarke MacArthur David Jones 30 1 2 2
3 Maxim Lapierre Alex Tanguay Antti Miettinen 20 1 2 2
4 Ryan Craig Jason Chimera Nikolai Zherdev 10 1 2 2
5 vs 5 Defense
Defense Defense Time % Phy DF OF
1 Alex Goligoski Steve Montador 40 1 2 2
2 Tom Poti Kim Johnsson 30 1 2 2
3 Sami Lepisto Karl Alzner 20 1 2 2
4 Alex Goligoski Steve Montador 10 1 2 2
PowerPlay Forward
Center Left Wing Right Wing Time % Phy DF OF
1 Matt Stajan Peter Worrell Jaromir Jagr 60 1 2 2
2 Tomas Plekanec Clarke MacArthur David Jones 40 1 2 2
PowerPlay Defense
Defense Defense Time % Phy DF OF
1 Alex Goligoski Steve Montador 60 1 2 2
2 Tom Poti Kim Johnsson 40 1 2 2
Penalty Kill 4 Players Forward
Center Wing Time % Phy DF OF
1 Jaromir Jagr Matt Stajan 60 1 2 2
2 Peter Worrell Clarke MacArthur 40 1 2 2
Penalty Kill 4 Players Defense
Defense Defense Time % Phy DF OF
1 Alex Goligoski Steve Montador 60 1 2 2
2 Tom Poti Kim Johnsson 40 1 2 2
Penalty Kill - 3 Players Forward
Forward Time % Phy DF OF
1 Jaromir Jagr 60 1 2 2
2 Matt Stajan 40 1 2 2
Penalty Kill - 3 Players Defense
Defense Defense Time % Phy DF OF
1 Alex Goligoski Steve Montador 60 1 2 2
2 Tom Poti Kim Johnsson 40 1 2 2
4 vs 4 Forward
Center Wing Time % Phy DF OF
1 Jaromir Jagr Matt Stajan 60 1 2 2
2 Peter Worrell Clarke MacArthur 40 1 2 2
4 vs 4 Defense
Defense Defense Time % Phy DF OF
1 Alex Goligoski Steve Montador 60 1 2 2
2 Tom Poti Kim Johnsson 40 1 2 2
Last Minutes Offensive
Center Left Wing Right Wing Defense Defense
Matt Stajan Peter Worrell Jaromir Jagr Alex Goligoski Steve Montador
Last Minutes Defensive
Center Left Wing Right Wing Defense Defense
Matt Stajan Peter Worrell Jaromir Jagr Alex Goligoski Steve Montador
Goaltenders
Starting : Carey Price
Backup : Brent Krahn
Extra Forwards
Normal : Alex Tanguay, Antti Miettinen, Nikolai Zherdev - PP : Alex Tanguay, Antti Miettinen - PK : Nikolai Zherdev
Extra Defensemen
Normal : Sami Lepisto, Karl Alzner, Tom Poti - PP : Sami Lepisto - PK : Karl Alzner, Tom Poti
Penalty Shots
Jaromir Jagr, Matt Stajan, Peter Worrell, Clarke MacArthur, Tomas Plekanec
Rangers
5 vs 5 Forward
Center Left Wing Right Wing Time % Phy DF OF
1 Brad Richards Milan Lucic Johan Franzen 40 1 2 2
2 Patrice Bergeron Mike Cammalleri Drew Stafford 30 1 2 2
3 Radek Bonk Alexandre Burrows Matt Read 20 1 2 2
4 Valtteri Filppula Nathan Gerbe Milan Lucic 10 1 2 2
5 vs 5 Defense
Defense Defense Time % Phy DF OF
1 Cam Barker Ryan Whitney 40 1 2 2
2 Kimmo Timonen Mark Fistric 30 1 2 2
3 Matt Greene Staffan Kronwall 20 1 2 2
4 Alexei Emelin Cam Barker 10 1 2 2
PowerPlay Forward
Center Left Wing Right Wing Time % Phy DF OF
1 Brad Richards Milan Lucic Johan Franzen 60 1 2 2
2 Patrice Bergeron Mike Cammalleri Drew Stafford 40 1 2 2
PowerPlay Defense
Defense Defense Time % Phy DF OF
1 Cam Barker Ryan Whitney 60 1 2 2
2 Kimmo Timonen Mark Fistric 40 1 2 2
Penalty Kill 4 Players Forward
Center Wing Time % Phy DF OF
1 Milan Lucic Brad Richards 60 1 2 2
2 Patrice Bergeron Mike Cammalleri 40 1 2 2
Penalty Kill 4 Players Defense
Defense Defense Time % Phy DF OF
1 Cam Barker Ryan Whitney 60 1 2 2
2 Kimmo Timonen Mark Fistric 40 1 2 2
Penalty Kill - 3 Players Forward
Forward Time % Phy DF OF
1 Milan Lucic 60 1 2 2
2 Brad Richards 40 1 2 2
Penalty Kill - 3 Players Defense
Defense Defense Time % Phy DF OF
1 Cam Barker Ryan Whitney 60 1 2 2
2 Kimmo Timonen Mark Fistric 40 1 2 2
4 vs 4 Forward
Center Wing Time % Phy DF OF
1 Milan Lucic Brad Richards 60 1 2 2
2 Patrice Bergeron Mike Cammalleri 40 1 2 2
4 vs 4 Defense
Defense Defense Time % Phy DF OF
1 Cam Barker Ryan Whitney 60 1 2 2
2 Kimmo Timonen Mark Fistric 40 1 2 2
Last Minutes Offensive
Center Left Wing Right Wing Defense Defense
Brad Richards Milan Lucic Johan Franzen Cam Barker Ryan Whitney
Last Minutes Defensive
Center Left Wing Right Wing Defense Defense
Brad Richards Milan Lucic Johan Franzen Cam Barker Ryan Whitney
Goaltenders
Starting : Henrik Lundqvist
Backup : Hannu Toivonen
Extra Forwards
Normal : Alexandre Burrows, Radek Bonk, Valtteri Filppula - PP : Alexandre Burrows, Radek Bonk - PK : Valtteri Filppula
Extra Defensemen
Normal : Matt Greene, Staffan Kronwall, Alexei Emelin - PP : Matt Greene - PK : Staffan Kronwall, Alexei Emelin
Penalty Shots
Milan Lucic, Brad Richards, Patrice Bergeron, Mike Cammalleri, Johan Franzen
% Time on Ice - Canucks
Lines # - Real PCT - Wanted PCT - Time Play
Normal Forward
1 - 33% - 40% - 14:12
2 - 28% - 30% - 11:58
3 - 24% - 20% - 10:21
4 - 16% - 10% - 6:58
Normal Defense
1 - 39% - 40% - 16:53
2 - 32% - 30% - 13:57
3 - 26% - 20% - 11:31
4 - 3% - 10% - 1:08
PP Forward
1 - 56% - 60% - 3:08
2 - 44% - 40% - 2:27
PP Defense
1 - 63% - 60% - 3:30
2 - 37% - 40% - 2:05
PK Forward
1 - 73% - 60% - 7:56
2 - 27% - 40% - 3:00
PK Defense
1 - 62% - 60% - 6:44
2 - 38% - 40% - 4:12
PK3 Forward
1 - 0% - 60%
2 - 0% - 40%
PK3 Defense
1 - 0% - 60%
2 - 0% - 40%
44 Forward
1 - 0% - 60%
2 - 0% - 40%
44 Defense
1 - 0% - 60%
2 - 0% - 40%
Last Minute Offensive - 0:00
Last Minute Defensive - 0:00
Total
Forward - 60:00
Defense - 60:00
|
% Time on Ice - Rangers
Lines # - Real PCT - Wanted PCT - Time Play
Normal Forward
1 - 32% - 40% - 14:06
2 - 28% - 30% - 12:10
3 - 27% - 20% - 11:33
4 - 13% - 10% - 5:40
Normal Defense
1 - 41% - 40% - 18:01
2 - 29% - 30% - 12:43
3 - 26% - 20% - 11:24
4 - 3% - 10% - 1:21
PP Forward
1 - 57% - 60% - 6:16
2 - 43% - 40% - 4:40
PP Defense
1 - 56% - 60% - 6:10
2 - 44% - 40% - 4:46
PK Forward
1 - 85% - 60% - 4:45
2 - 15% - 40% - 0:50
PK Defense
1 - 57% - 60% - 3:12
2 - 43% - 40% - 2:23
PK3 Forward
1 - 0% - 60%
2 - 0% - 40%
PK3 Defense
1 - 0% - 60%
2 - 0% - 40%
44 Forward
1 - 0% - 60%
2 - 0% - 40%
44 Defense
1 - 0% - 60%
2 - 0% - 40%
Last Minute Offensive - 0:00
Last Minute Defensive - 0:00
Total
Forward - 60:00
Defense - 60:00
|
Play by Play
1st period
0:01 of 1st period - Brad Richards wins face-off versus Jaromir Jagr in neutral zone.
0:06 of 1st period - Backhand shot by Milan Lucic.
0:06 of 1st period - Shot Misses the Net.
0:26 of 1st period - Ryan Whitney is hit by Clarke MacArthur.
0:54 of 1st period - Steve Montador is hit by Radek Bonk and loses puck.
1:17 of 1st period - Ryan Craig is hit by Matt Greene and loses puck.
2:16 of 1st period - Wrist shot by Alexandre Burrows.
2:16 of 1st period - Stopped by Carey Price without a rebound.
2:17 of 1st period - Matt Stajan wins face-off versus Patrice Bergeron in Canucks zone.
2:46 of 1st period - Wrist shot by Clarke MacArthur.
2:46 of 1st period - Shot Blocked by Mark Fistric.
4:16 of 1st period - Wrist shot by Clarke MacArthur.
4:16 of 1st period - Shot Misses the Net.
4:40 of 1st period - Antti Miettinen is hit by Drew Stafford and loses puck.
5:01 of 1st period - Snap shot by Matt Stajan.
5:01 of 1st period - Shot Misses the Net.
5:29 of 1st period - Snap shot by Nikolai Zherdev.
5:29 of 1st period - Deflect By Ryan Craig.
5:29 of 1st period - Stopped by Henrik Lundqvist with a rebound.
6:16 of 1st period - Wrist shot by Tomas Plekanec.
6:16 of 1st period - Stopped by Henrik Lundqvist without a rebound.
6:17 of 1st period - David Jones wins face-off versus Radek Bonk in Rangers zone.
6:18 of 1st period - Snap shot by Tomas Plekanec.
6:18 of 1st period - Shot Misses the Net.
6:26 of 1st period - Slapshot by Alexandre Burrows.
6:26 of 1st period - Shot Blocked by David Jones.
6:28 of 1st period - Slapshot by Matt Read.
6:28 of 1st period - Deflect By Alexandre Burrows.
6:28 of 1st period - Stopped by Carey Price with a rebound.
7:23 of 1st period - Wrist shot by Ryan Craig.
7:23 of 1st period - Shot Misses the Net.
7:39 of 1st period - Wrist shot by Ryan Craig.
7:39 of 1st period - Deflect By Ryan Whitney.
7:39 of 1st period - Stopped by Henrik Lundqvist without a rebound.
7:40 of 1st period - Matt Stajan wins face-off versus Radek Bonk in Rangers zone.
8:08 of 1st period - Slapshot by Cam Barker.
8:08 of 1st period - Deflect By Clarke MacArthur.
8:08 of 1st period - Stopped by Carey Price with a rebound.
8:10 of 1st period - Wrist shot by Alexandre Burrows.
8:10 of 1st period - Shot Misses the Net.
8:12 of 1st period - Slapshot by Cam Barker.
8:12 of 1st period - Stopped by Carey Price with a rebound.
8:14 of 1st period - Snap shot by Alexandre Burrows.
8:14 of 1st period - Shot Misses the Net.
8:34 of 1st period - Snap shot by Alexandre Burrows.
8:34 of 1st period - Stopped by Carey Price with a rebound.
8:36 of 1st period - Slapshot by Ryan Whitney.
8:36 of 1st period - Stopped by Carey Price with a rebound.
8:38 of 1st period - Slapshot by Cam Barker.
8:38 of 1st period - Stopped by Carey Price with a rebound.
8:40 of 1st period - Wrist shot by Cam Barker.
8:40 of 1st period - Shot Misses the Net.
8:42 of 1st period - Wrist shot by Alexandre Burrows.
8:42 of 1st period - Shot Misses the Net.
8:44 of 1st period - Slapshot by Radek Bonk.
8:44 of 1st period - Shot Misses the Net.
8:46 of 1st period - Slapshot by Cam Barker.
8:46 of 1st period - Deflect By Alexandre Burrows.
8:46 of 1st period - Stopped by Carey Price with a rebound.
8:48 of 1st period - Slapshot by Cam Barker.
8:48 of 1st period - Stopped by Carey Price with a rebound.
8:50 of 1st period - Snap shot by Radek Bonk.
8:50 of 1st period - Stopped by Carey Price without a rebound.
8:51 of 1st period - Brad Richards wins face-off versus Matt Stajan in Canucks zone.
9:02 of 1st period - Snap shot by Matt Stajan.
9:02 of 1st period - Stopped by Henrik Lundqvist with a rebound.
9:43 of 1st period - Wrist shot by Nikolai Zherdev.
9:43 of 1st period - Shot Misses the Net.
10:18 of 1st period - Slapshot by Brad Richards.
10:18 of 1st period - Stopped by Carey Price without a rebound.
10:19 of 1st period - Valtteri Filppula wins face-off versus Maxim Lapierre in Canucks zone.
11:13 of 1st period - Slapshot by Nikolai Zherdev.
11:13 of 1st period - Shot Misses the Net.
11:15 of 1st period - Wrist shot by Nikolai Zherdev.
11:15 of 1st period - Stopped by Henrik Lundqvist with a rebound.
11:43 of 1st period - Wrist shot by Matt Stajan.
11:43 of 1st period - Stopped by Henrik Lundqvist without a rebound.
11:44 of 1st period - Tomas Plekanec wins face-off versus Radek Bonk in Rangers zone.
12:05 of 1st period - Minor Penalty to Tomas Plekanec for Holding.
12:06 of 1st period - Jaromir Jagr wins face-off versus Patrice Bergeron in Canucks zone.
12:37 of 1st period - Alex Goligoski is hit by Milan Lucic and loses puck.
13:03 of 1st period - Slapshot by Peter Worrell.
13:03 of 1st period - Stopped by Henrik Lundqvist without a rebound.
13:04 of 1st period - Brad Richards wins face-off versus Peter Worrell in Rangers zone.
13:15 of 1st period - Jaromir Jagr is hit by Milan Lucic and loses puck.
14:05 of 1st period - Penalty to Tomas Plekanec is over, Tomas Plekanec is back on ice.
14:32 of 1st period - Wrist shot by David Jones.
14:32 of 1st period - Stopped by Henrik Lundqvist with a rebound.
15:24 of 1st period - Matt Stajan is hit by Valtteri Filppula and loses puck.
15:48 of 1st period - Wrist shot by Jaromir Jagr.
15:48 of 1st period - Shot Misses the Net.
16:15 of 1st period - Alexandre Burrows is hit by Kim Johnsson and loses puck.
16:38 of 1st period - Snap shot by Nathan Gerbe.
16:38 of 1st period - Stopped by Carey Price without a rebound.
16:39 of 1st period - Matt Stajan wins face-off versus Drew Stafford in Canucks zone.
17:06 of 1st period - Sami Lepisto is hit by Milan Lucic and loses puck.
17:13 of 1st period - Snap shot by Milan Lucic.
17:13 of 1st period - Deflect By Brad Richards.
17:13 of 1st period - Shot Misses the Net.
17:13 of 1st period - Puck is out of play.
17:14 of 1st period - Brad Richards wins face-off versus Matt Stajan in Canucks zone.
18:06 of 1st period - Wrist shot by Alex Tanguay.
18:06 of 1st period - Stopped by Henrik Lundqvist with a rebound.
18:10 of 1st period - Backhand shot by Maxim Lapierre.
18:10 of 1st period - Shot Misses the Net.
18:12 of 1st period - Wrist shot by Tom Poti.
18:12 of 1st period - Shot Misses the Net.
18:44 of 1st period - Snap shot by Valtteri Filppula.
18:44 of 1st period - Shot Blocked by Karl Alzner.
18:46 of 1st period - Wrist shot by Mark Fistric.
18:46 of 1st period - Shot Misses the Net.
19:16 of 1st period - Slapshot by Alex Tanguay.
19:16 of 1st period - Stopped by Henrik Lundqvist without a rebound.
19:17 of 1st period - Maxim Lapierre wins face-off versus Brad Richards in Rangers zone.
19:43 of 1st period - Minor Penalty to Jaromir Jagr for High sticking.
19:44 of 1st period - Nikolai Zherdev wins face-off versus Brad Richards in Canucks zone.
Goals for this period are 0 for Canucks vs 0 for Rangers.
Shots for this period are 10 for Canucks vs 12 for Rangers.
2nd period
0:01 of 2nd period - Johan Franzen wins face-off versus Nikolai Zherdev in neutral zone.
0:06 of 2nd period - Slapshot by Milan Lucic.
0:06 of 2nd period - Shot Misses the Net.
0:16 of 2nd period - Snap shot by Milan Lucic.
0:16 of 2nd period - Stopped by Carey Price without a rebound.
0:17 of 2nd period - Brad Richards wins face-off versus Nikolai Zherdev in Canucks zone.
0:44 of 2nd period - Matt Stajan is hit by Mike Cammalleri and loses puck.
1:43 of 2nd period - Penalty to Jaromir Jagr is over, Jaromir Jagr is back on ice.
1:44 of 2nd period - Off-side.
1:45 of 2nd period - Radek Bonk wins face-off versus Tomas Plekanec in neutral zone.
1:53 of 2nd period - Icing by Clarke MacArthur.
1:54 of 2nd period - Brad Richards wins face-off versus David Jones in Canucks zone.
2:16 of 2nd period - Icing by Karl Alzner.
2:17 of 2nd period - Patrice Bergeron wins face-off versus Tomas Plekanec in Canucks zone.
2:43 of 2nd period - Slapshot by Clarke MacArthur.
2:43 of 2nd period - Shot Blocked by Kimmo Timonen.
3:07 of 2nd period - Wrist shot by Clarke MacArthur.
3:07 of 2nd period - Shot Blocked by Mark Fistric.
3:09 of 2nd period - Snap shot by Tomas Plekanec.
3:09 of 2nd period - Shot Misses the Net.
3:25 of 2nd period - Snap shot by Clarke MacArthur.
3:25 of 2nd period - Shot Misses the Net.
3:27 of 2nd period - Snap shot by Clarke MacArthur.
3:27 of 2nd period - Shot Misses the Net.
3:29 of 2nd period - Slapshot by Sami Lepisto.
3:29 of 2nd period - Stopped by Henrik Lundqvist with a rebound.
3:31 of 2nd period - Slapshot by Sami Lepisto.
3:31 of 2nd period - Stopped by Henrik Lundqvist with a rebound.
3:33 of 2nd period - Slapshot by David Jones.
3:33 of 2nd period - Shot Misses the Net.
3:35 of 2nd period - Wrist shot by Tomas Plekanec.
3:35 of 2nd period - Shot Misses the Net.
3:37 of 2nd period - Wrist shot by Clarke MacArthur.
3:37 of 2nd period - Shot Misses the Net.
3:39 of 2nd period - Wrist shot by Clarke MacArthur.
3:39 of 2nd period - Goal by Clarke MacArthur - Canucks : 1 - Rangers : 0.
3:40 of 2nd period - Brad Richards wins face-off versus Matt Stajan in neutral zone.
3:44 of 2nd period - Icing by Jaromir Jagr.
3:45 of 2nd period - Brad Richards wins face-off versus Matt Stajan in Canucks zone.
3:57 of 2nd period - Off-side.
3:58 of 2nd period - Matt Stajan wins face-off versus Brad Richards in neutral zone.
4:01 of 2nd period - Snap shot by Jaromir Jagr.
4:01 of 2nd period - Stopped by Henrik Lundqvist without a rebound.
4:02 of 2nd period - Brad Richards wins face-off versus Matt Stajan in Rangers zone.
4:09 of 2nd period - Snap shot by Brad Richards.
4:09 of 2nd period - Shot Blocked by Alex Goligoski.
6:30 of 2nd period - Wrist shot by Matt Stajan.
6:30 of 2nd period - Goal by Matt Stajan - Canucks : 2 - Rangers : 0.
6:31 of 2nd period - Alex Tanguay wins face-off versus Brad Richards in neutral zone.
6:40 of 2nd period - Slapshot by Maxim Lapierre.
6:40 of 2nd period - Stopped by Henrik Lundqvist without a rebound.
6:41 of 2nd period - Maxim Lapierre wins face-off versus Brad Richards in Rangers zone.
6:46 of 2nd period - Wrist shot by Alex Tanguay.
6:46 of 2nd period - Shot Misses the Net.
6:56 of 2nd period - Slapshot by Johan Franzen.
6:56 of 2nd period - Shot Misses the Net.
6:58 of 2nd period - Wrist shot by Milan Lucic.
6:58 of 2nd period - Shot Misses the Net.
7:20 of 2nd period - Snap shot by Alex Tanguay.
7:20 of 2nd period - Goal by Alex Tanguay - Canucks : 3 - Rangers : 0.
7:21 of 2nd period - Tomas Plekanec wins face-off versus Patrice Bergeron in neutral zone.
7:24 of 2nd period - Drew Stafford is hit by Clarke MacArthur and loses puck.
7:34 of 2nd period - Off-side.
7:35 of 2nd period - Brad Richards wins face-off versus Maxim Lapierre in neutral zone.
8:15 of 2nd period - Clarke MacArthur is hit by Ryan Whitney and loses puck.
8:32 of 2nd period - Wrist shot by Radek Bonk.
8:32 of 2nd period - Goal by Radek Bonk - Canucks : 3 - Rangers : 1.
8:33 of 2nd period - Matt Stajan wins face-off versus Brad Richards in neutral zone.
8:54 of 2nd period - Minor Penalty to Johan Franzen for Hooking.
8:55 of 2nd period - Milan Lucic wins face-off versus Matt Stajan in Rangers zone.
9:04 of 2nd period - Wrist shot by Milan Lucic.
9:04 of 2nd period - Stopped by Carey Price without a rebound.
9:05 of 2nd period - Milan Lucic wins face-off versus Matt Stajan in Canucks zone.
9:18 of 2nd period - Slapshot by Brad Richards.
9:18 of 2nd period - Shot Misses the Net.
9:20 of 2nd period - Snap shot by Ryan Whitney.
9:20 of 2nd period - Shot Blocked by Steve Montador.
10:54 of 2nd period - Penalty to Johan Franzen is over, Johan Franzen is back on ice.
10:55 of 2nd period - Ryan Whitney is hit by Jaromir Jagr and loses puck.
11:08 of 2nd period - Snap shot by Alexandre Burrows.
11:08 of 2nd period - Stopped by Carey Price with a rebound.
12:06 of 2nd period - Snap shot by Alexandre Burrows.
12:06 of 2nd period - Stopped by Carey Price without a rebound.
12:07 of 2nd period - Matt Stajan wins face-off versus Alexandre Burrows in Canucks zone.
12:11 of 2nd period - Off-side.
12:12 of 2nd period - Brad Richards wins face-off versus Matt Stajan in neutral zone.
12:57 of 2nd period - Alex Tanguay is hit by Kimmo Timonen and loses puck.
13:09 of 2nd period - Major Penalty to Karl Alzner for Checking from behind.
13:10 of 2nd period - Jaromir Jagr wins face-off versus Brad Richards in Canucks zone.
13:10 of 2nd period - Jaromir Jagr is hit by Brad Richards.
13:22 of 2nd period - Snap shot by Johan Franzen.
13:22 of 2nd period - Goal by Johan Franzen - Canucks : 3 - Rangers : 2.
13:23 of 2nd period - Jaromir Jagr wins face-off versus Brad Richards in neutral zone.
13:28 of 2nd period - Snap shot by Jaromir Jagr.
13:28 of 2nd period - Shot Misses the Net.
13:30 of 2nd period - Wrist shot by Matt Stajan.
13:30 of 2nd period - Deflect By Jaromir Jagr.
13:30 of 2nd period - Shot Misses the Net.
13:30 of 2nd period - Puck is out of play.
13:31 of 2nd period - Brad Richards wins face-off versus Jaromir Jagr in Rangers zone.
14:25 of 2nd period - Kimmo Timonen is hit by Jaromir Jagr and loses puck.
15:24 of 2nd period - Clarke MacArthur is hit by Johan Franzen.
15:34 of 2nd period - Nikolai Zherdev is hit by Mike Cammalleri and loses puck.
15:49 of 2nd period - Tom Poti is hit by Matt Read and loses puck.
17:38 of 2nd period - Kim Johnsson is hit by Kimmo Timonen and loses puck.
17:50 of 2nd period - Icing by Ryan Whitney.
17:51 of 2nd period - Brad Richards wins face-off versus Jason Chimera in Rangers zone.
18:09 of 2nd period - Penalty to Karl Alzner is over, Karl Alzner is back on ice.
18:20 of 2nd period - Wrist shot by Nikolai Zherdev.
18:20 of 2nd period - Stopped by Henrik Lundqvist with a rebound.
18:22 of 2nd period - Slapshot by Jason Chimera.
18:22 of 2nd period - Shot Hit the Post.
18:24 of 2nd period - Slapshot by Jason Chimera.
18:24 of 2nd period - Shot Misses the Net.
18:34 of 2nd period - Nathan Gerbe is hit by Maxim Lapierre.
18:59 of 2nd period - Drew Stafford is hit by Tomas Plekanec and loses puck.
19:27 of 2nd period - Staffan Kronwall is hit by Jason Chimera and loses puck.
Goals for this period are 3 for Canucks vs 2 for Rangers.
Shots for this period are 8 for Canucks vs 6 for Rangers.
3rd period
0:01 of 3rd period - Brad Richards wins face-off versus Matt Stajan in neutral zone.
0:36 of 3rd period - Slapshot by Mike Cammalleri.
0:36 of 3rd period - Goal by Mike Cammalleri - Canucks : 3 - Rangers : 3.
0:37 of 3rd period - Brad Richards wins face-off versus Matt Stajan in neutral zone.
0:53 of 3rd period - Off-side.
0:54 of 3rd period - Tomas Plekanec wins face-off versus Patrice Bergeron in neutral zone.
1:09 of 3rd period - Snap shot by Clarke MacArthur.
1:09 of 3rd period - Shot Misses the Net.
1:45 of 3rd period - Tom Poti is hit by Matt Read and loses puck.
2:40 of 3rd period - Matt Read is hit by Matt Stajan and loses puck.
2:55 of 3rd period - Alexandre Burrows is hit by Matt Stajan and loses puck.
3:06 of 3rd period - Wrist shot by Alexandre Burrows.
3:06 of 3rd period - Shot Blocked by Alex Goligoski.
3:08 of 3rd period - Slapshot by Kimmo Timonen.
3:08 of 3rd period - Shot Blocked by Steve Montador.
3:10 of 3rd period - Snap shot by Brad Richards.
3:10 of 3rd period - Stopped by Carey Price with a rebound.
3:46 of 3rd period - Off-side.
3:47 of 3rd period - Valtteri Filppula wins face-off versus Tomas Plekanec in neutral zone.
3:47 of 3rd period - Valtteri Filppula is hit by Clarke MacArthur.
3:57 of 3rd period - Wrist shot by Milan Lucic.
3:57 of 3rd period - Stopped by Carey Price with a rebound.
3:59 of 3rd period - Wrist shot by Matt Greene.
3:59 of 3rd period - Stopped by Carey Price with a rebound.
4:25 of 3rd period - Minor Penalty to Peter Worrell for Hooking.
4:26 of 3rd period - Jaromir Jagr wins face-off versus Brad Richards in Canucks zone.
4:55 of 3rd period - Slapshot by Cam Barker.
4:55 of 3rd period - Stopped by Carey Price with a rebound.
6:25 of 3rd period - Penalty to Peter Worrell is over, Peter Worrell is back on ice.
6:31 of 3rd period - Ryan Craig is hit by Cam Barker.
6:47 of 3rd period - Tomas Plekanec is hit by Drew Stafford and loses puck.
7:06 of 3rd period - Snap shot by Alex Tanguay.
7:06 of 3rd period - Stopped by Henrik Lundqvist without a rebound.
7:07 of 3rd period - Patrice Bergeron wins face-off versus Maxim Lapierre in Rangers zone.
7:29 of 3rd period - Off-side.
7:30 of 3rd period - Matt Stajan wins face-off versus Valtteri Filppula in neutral zone.
7:33 of 3rd period - Wrist shot by Peter Worrell.
7:33 of 3rd period - Deflect By Jaromir Jagr.
7:33 of 3rd period - Stopped by Henrik Lundqvist without a rebound.
7:34 of 3rd period - Peter Worrell wins face-off versus Brad Richards in Rangers zone.
7:47 of 3rd period - Wrist shot by Jaromir Jagr.
7:47 of 3rd period - Shot Misses the Net.
8:25 of 3rd period - Kim Johnsson is hit by Mike Cammalleri and loses puck.
8:44 of 3rd period - Drew Stafford is hit by Jason Chimera and loses puck.
9:21 of 3rd period - Slapshot by Drew Stafford.
9:21 of 3rd period - Stopped by Carey Price without a rebound.
9:22 of 3rd period - Matt Read wins face-off versus Matt Stajan in Canucks zone.
9:27 of 3rd period - Snap shot by Radek Bonk.
9:27 of 3rd period - Shot Misses the Net.
9:35 of 3rd period - Wrist shot by Jaromir Jagr.
9:35 of 3rd period - Shot Misses the Net.
10:19 of 3rd period - Icing by Nikolai Zherdev.
10:20 of 3rd period - Maxim Lapierre wins face-off versus Radek Bonk in Canucks zone.
10:20 of 3rd period - Maxim Lapierre is hit by Mark Fistric.
10:36 of 3rd period - Snap shot by Maxim Lapierre.
10:36 of 3rd period - Shot Blocked by Kimmo Timonen.
10:52 of 3rd period - Snap shot by Drew Stafford.
10:52 of 3rd period - Shot Blocked by Kim Johnsson.
10:54 of 3rd period - Backhand shot by Drew Stafford.
10:54 of 3rd period - Stopped by Carey Price with a rebound.
10:56 of 3rd period - Slapshot by Mark Fistric.
10:56 of 3rd period - Shot Misses the Net.
10:58 of 3rd period - Wrist shot by Patrice Bergeron.
10:58 of 3rd period - Stopped by Carey Price without a rebound.
10:59 of 3rd period - Brad Richards wins face-off versus Matt Stajan in Canucks zone.
11:25 of 3rd period - Cam Barker is hit by David Jones and loses puck.
11:52 of 3rd period - Matt Read is hit by Steve Montador and loses puck.
12:13 of 3rd period - Wrist shot by Matt Greene.
12:13 of 3rd period - Stopped by Carey Price without a rebound.
12:14 of 3rd period - Brad Richards wins face-off versus Tomas Plekanec in Canucks zone.
12:39 of 3rd period - Jaromir Jagr is hit by Mike Cammalleri and loses puck.
13:20 of 3rd period - Snap shot by Ryan Craig.
13:20 of 3rd period - Stopped by Henrik Lundqvist with a rebound.
13:22 of 3rd period - Snap shot by Kim Johnsson.
13:22 of 3rd period - Shot Misses the Net.
13:24 of 3rd period - Slapshot by Nikolai Zherdev.
13:24 of 3rd period - Stopped by Henrik Lundqvist without a rebound.
13:25 of 3rd period - Patrice Bergeron wins face-off versus Ryan Craig in Rangers zone.
13:37 of 3rd period - Off-side.
13:38 of 3rd period - Matt Stajan wins face-off versus Brad Richards in neutral zone.
13:49 of 3rd period - Wrist shot by Matt Stajan.
13:49 of 3rd period - Stopped by Henrik Lundqvist with a rebound.
13:59 of 3rd period - Minor Penalty to Brad Richards for Roughing.
14:00 of 3rd period - Milan Lucic wins face-off versus Matt Stajan in Rangers zone.
14:11 of 3rd period - Slapshot by Jaromir Jagr.
14:11 of 3rd period - Shot Blocked by Ryan Whitney.
15:59 of 3rd period - Penalty to Brad Richards is over, Brad Richards is back on ice.
16:07 of 3rd period - Icing by Brad Richards.
16:08 of 3rd period - Milan Lucic wins face-off versus Maxim Lapierre in Rangers zone.
16:10 of 3rd period - Johan Franzen is hit by Alex Tanguay and loses puck.
16:22 of 3rd period - Icing by Alex Tanguay.
16:23 of 3rd period - Ryan Craig wins face-off versus Brad Richards in Canucks zone.
16:25 of 3rd period - Icing by Sami Lepisto.
16:26 of 3rd period - Brad Richards wins face-off versus Ryan Craig in Canucks zone.
16:33 of 3rd period - Slapshot by Milan Lucic.
16:33 of 3rd period - Stopped by Carey Price with a rebound.
16:59 of 3rd period - Wrist shot by Maxim Lapierre.
16:59 of 3rd period - Stopped by Henrik Lundqvist without a rebound.
17:00 of 3rd period - Maxim Lapierre wins face-off versus Patrice Bergeron in Rangers zone.
17:27 of 3rd period - Steve Montador is hit by Kimmo Timonen and loses puck.
17:38 of 3rd period - Snap shot by Milan Lucic.
17:38 of 3rd period - Stopped by Carey Price without a rebound.
17:39 of 3rd period - Maxim Lapierre wins face-off versus Brad Richards in Canucks zone.
17:52 of 3rd period - Wrist shot by Milan Lucic.
17:52 of 3rd period - Goal by Milan Lucic - Canucks : 3 - Rangers : 4.
17:53 of 3rd period - Maxim Lapierre wins face-off versus Brad Richards in neutral zone.
17:58 of 3rd period - Ryan Whitney is hit by Alex Tanguay and loses puck.
18:22 of 3rd period - Minor Penalty to Radek Bonk for Hooking.
18:23 of 3rd period - Matt Stajan wins face-off versus Milan Lucic in Rangers zone.
18:28 of 3rd period - Snap shot by Matt Stajan.
18:28 of 3rd period - Stopped by Henrik Lundqvist without a rebound.
18:29 of 3rd period - Milan Lucic wins face-off versus Matt Stajan in Rangers zone.
18:45 of 3rd period - Wrist shot by Brad Richards.
18:45 of 3rd period - Shot Misses the Net.
19:01 of 3rd period - Canucks, Carey Price is pulled from the net.
19:01 of 3rd period - Slapshot by Alex Goligoski.
19:01 of 3rd period - Shot Hit the Post.
19:03 of 3rd period - Wrist shot by Tomas Plekanec.
19:03 of 3rd period - Shot Misses the Net.
19:05 of 3rd period - Wrist shot by David Jones.
19:05 of 3rd period - Shot Misses the Net.
Goals for this period are 0 for Canucks vs 2 for Rangers.
Shots for this period are 7 for Canucks vs 12 for Rangers.
Output by the SimonT Hockey Simulator (STHS) for François Prévost -- Original Page W3C XHTML 1.0 Valid